 Dungeon Crawl Stone Soup version 0.30-a0-937-ga0a21ad780 (webtiles) character file.

Game seed: 13652757393190389583

131 dolemite99 the Chopper (level 4, -1/39 HPs)
             Began as a Minotaur Fighter on Mar 24, 2023.
             Slain by Crazy Yiuf
             ... wielding a +2 quarterstaff of chaos
              (11 damage)
             ... on level 2 of the Dungeon.
             The game lasted 00:01:25 (1828 turns).

dolemite99 the Chopper (Minotaur Fighter)           Turns: 1828, Time: 00:01:25

Health: -1/39      AC:  6    Str: 23    XL:     4   Next: 91%
Magic:  2/3        EV:  9    Int:  5    God:
Gold:   165        SH:  4    Dex:  9    Spells: 3/3 levels left

rFire   . . .      SeeInvis .    a - +0 war axe
rCold   . . .      Faith    .    c - +0 buckler
rNeg    . . .      Spirit   .    b - +0 scale mail
rPois   .          Reflect  .    (helmet restricted)
rElec   .          Rampage  .    (no cloak)
rCorr   .                        (no gloves)
Will    .....                    (no boots) Stlth
                                 (no amulet)
HPRegen 0.26/turn                (no ring)
MPRegen 0.08/turn                (no ring)

@: slowed, very slow
A: horns 2, retaliatory headbutt
a: no special abilities


You were on level 2 of the Dungeon.
You visited 1 branch of the dungeon, and saw 2 of its levels.

You collected 165 gold pieces.

Inventory:

Hand Weapons
 a - a +0 war axe (weapon)
Missiles
 r - 5 poisoned darts (quivered)
Armour
 b - a +0 scale mail (worn)
 c - a +0 buckler (worn)
Jewellery
 g - an amulet of magic regeneration
 i - a ring of flight
Scrolls
 e - 2 scrolls of teleportation {unknown}
 k - a scroll of fog {unknown}
 l - a scroll of blinking {unknown}
 p - a scroll of enchant armour {unknown}
 q - a scroll of noise {unknown}
Potions
 d - 2 potions of might
 f - a potion of invisibility {unknown}
 h - 2 potions of curing {unknown}
 j - a potion of lignification {unknown}
 m - a potion of heal wounds {unknown}
 n - a potion of brilliance {unknown}
 o - a potion of magic {unknown}


   Skills:
 - Level 3.6 Fighting
 + Level 6.2 Axes
 - Level 3.6 Armour
 - Level 3.6 Shields


You had 3 spell levels left.
You didn't know any spells.
Your spell library was empty.

Dungeon Overview and Level Annotations

Branches:
Dungeon (2/15)

Altars:

Annotations:
D:2 Crazy Yiuf


Innate Abilities, Weirdness & Mutations

You have a pair of horns on your head.
You reflexively headbutt those who attack you in melee.


Message History

Could not explore, unopened runed door.
You open the door.
Crazy Yiuf glowers.
You hit Crazy Yiuf. Your headbutt misses Crazy Yiuf.
Crazy Yiuf is moderately wounded.
Crazy Yiuf barely misses you.
You hit Crazy Yiuf. Your headbutt misses Crazy Yiuf.
Crazy Yiuf is heavily wounded.
Crazy Yiuf yells, "Goldfish sizzlefizz illywillydillykilly!"
Crazy Yiuf closely misses you.
You hit Crazy Yiuf but do no damage. You headbutt Crazy Yiuf.
Crazy Yiuf is severely wounded.
Crazy Yiuf hits you with a +2 quarterstaff of chaos!
You are slowing down.
You barely miss Crazy Yiuf. You headbutt Crazy Yiuf.
Crazy Yiuf is severely wounded.
Crazy Yiuf hits you with a +2 quarterstaff of chaos!
Crazy Yiuf completely misses you.
You have turned to stone.
Crazy Yiuf hits you with a +2 quarterstaff of chaos!
Crazy Yiuf burns you. Crazy Yiuf barely misses you.
Crazy Yiuf screams, "Walk!
Orb alas turtle."
Crazy Yiuf hits you with a +2 quarterstaff of chaos!
You are electrocuted!
Crazy Yiuf hits you but does no damage.
Crazy Yiuf hits you with a +2 quarterstaff of chaos.
You feel yourself slow down.
Crazy Yiuf screams, "Trifle blue return to song!"
Crazy Yiuf hits you with a +2 quarterstaff of chaos.
* * * LOW HITPOINT WARNING * * *
You feel your power leaking away.
Crazy Yiuf hits you with a +2 quarterstaff of chaos.
* * * LOW HITPOINT WARNING * * *
Crazy Yiuf burns you.
* * * LOW HITPOINT WARNING * * *
You turn to flesh and can move again.
You closely miss Crazy Yiuf.
Crazy Yiuf is severely wounded.
Crazy Yiuf hits you with a +2 quarterstaff of chaos!
You die...

.###.....#
############.#####..
.# #.#.###
######.....#.. .#
#.#...#
#..........#.# .#
#.###.#
######.......#
.###....<# #.....###
.........#
#######........
.######### ###
###.#........#### .#
#...##..#.........#
# ##
#...g@####P......##
# #)..### ##P...#.#
# ### ######.# #
#...# ######### ###
#........
#.##########.#######
#.............#
#########...[.#


You could see Crazy Yiuf.

Vanquished Creatures
  A scorpion (D:2)
  A gnoll (D:1)
  An adder (D:2)
  A dart slug (D:1)
  4 bats
  5 endoplasms
  4 giant cockroaches
  3 hobgoblins
  7 jackals (D:1)
  3 quokkas
  6 ball pythons
  4 frilled lizards
  4 goblins
  5 kobolds
  2 rats
51 creatures vanquished.

Notes
Turn   | Place    | Note
-------+----------+-------------------------------------------
     0 | D:1      | dolemite99 the Minotaur Fighter began the quest for the
                  | Orb.
     0 | D:1      | Reached XP level 1. HP: 19/19 MP: 0/0
    70 | D:1      | Reached skill level 3 in Axes
   112 | D:1      | Reached XP level 2. HP: 25/26 MP: 1/1
   184 | D:1      | Found a faded altar of an unknown god.
   230 | D:1      | Reached skill level 4 in Axes
   230 | D:1      | Reached XP level 3. HP: 19/31 MP: 2/2
   877 | D:2      | Reached skill level 5 in Axes
  1231 | D:2      | Reached XP level 4. HP: 39/39 MP: 3/3
  1310 | D:2      | Noticed a scorpion
  1324 | D:2      | Killed a scorpion
  1325 | D:2      | Reached skill level 6 in Axes
  1689 | D:2      | Found a runed translucent door.
  1690 | D:2      | Noticed Crazy Yiuf
  1828 | D:2      | Slain by Crazy Yiuf

Illustrated notes

Levels and vault maps discovered:
D:1:      grunt_arrival_lava_bath, layout_loops_ring,
          dreamdust_ecumenical_altar_hidden_monk_grotto, minivault_4,
          minmay_ruptured
D:2:      layout_basic, uniq_crazy_yiuf_cottage

Skill      XL: |  1  2  3  4 |
---------------+-------------+-----
Axes           | 3 4 5 6 |  6.2
Fighting       | |  3.6
Armour         | |  3.6
Shields        | |  3.6

Action                     |  1- 3 |  4- 6 || total
---------------------------+-------+-------++-------
  Melee: War axe           |    87 |    27 ||   114
         Headbutt          |    10 |     4 ||    14
  Throw: Dart              |       |     7 ||     7
 Armour: Scale mail        |    46 |    13 ||    59
  Dodge: Dodged            |    49 |    12 ||    61
  Block: Buckler           |    24 |     4 ||    28

Table legend: (Time is in decaauts)
 A = Elapsed time spent in this place.
 B = Non-inter-level travel time spent in this place.
 C = Inter-level travel time spent in this place.
 D = Time resting spent in this place.
 E = Time spent auto-exploring this place.
 F = Levels seen in this place.
 G = Mean time per level.
                   A        B        C        D        E       F      G
               +--------+--------+--------+--------+--------+-----+--------+
         Total |   1865 |   1847 |     18 |    254 |   1187 |   2 |  932.5 |
       Dungeon |   1865 |   1847 |     18 |    254 |   1187 |   2 |  932.5 |
               +--------+--------+--------+--------+--------+-----+--------+

Top non-repeatable levels by time:
     D:2: 1038 daAuts
     D:1: 826 daAuts
